 Dungeon Crawl Stone Soup version 0.27-a0-401-gea03ee85fd (webtiles) character file.

Game seed: 13485298351172803243

58 mandarbmax the Ruffian (level 4, -5/44 HPs)
             Began as an Ogre Transmuter on Feb 21, 2021.
             Slain by an ogre
             ... wielding a +0 giant club
              (17 damage)
             ... on level 2 of the Dungeon.
             The game lasted 00:05:26 (1984 turns).

mandarbmax the Ruffian (Ogre Transmuter)            Turns: 1984, Time: 00:05:27

Health: -5/44      AC:  4    Str: 14    XL:     4   Next: 1%
Magic:  6/8        EV: 10    Int: 15    God:
Gold:   80         SH:  0    Dex:  9    Spells: 8/9 levels left

rFire    . . .     SeeInvis .     - Unarmed
rCold    . . .     Faith    .   (no shield)
rNeg     . . .     Spirit   .   a - +1 robe
rPois    .         Reflect  .   (helmet currently unavailable)
rElec    .         Harm     .   (no cloak)
rCorr    .         Rampage  .   (gloves unavailable)
Will     .....                  (boots unavailable)
Stlth    +.........             (no amulet)
HPRegen  0.14/turn              (no ring)
MPRegen  0.11/turn              (no ring)

@: appendages (expiring)
A: large, unfitting armour, horns 2, talons 2, tough skin 1
a: End Transformation


You were on level 2 of the Dungeon.
You had grown temporary horns.
You had grown temporary talons.
You visited 1 branch of the dungeon, and saw 2 of its levels.

You collected 80 gold pieces.

Inventory:

Missiles
 d - 9 large rocks
Armour
 a - a +1 robe (worn)
Scrolls
 c - a scroll of teleportation {unknown}
 e - a scroll of fog {unknown}
Potions
 b - a potion of cancellation {unknown}
 f - a potion of brilliance {unknown}


   Skills:
 + Level 2.5 Fighting
 - Level 2.0 Dodging
 * Level 3.5 Unarmed Combat
 - Level 3.0 Spellcasting
 - Level 2.0 Transmutations


You had 8 spell levels left.
You knew the following spells:

 Your Spells              Type           Power        Failure   Level
a - Beastly Appendage     Tmut           16%          9%          1

Your spell library contained the following spells:

 Spells                   Type           Power        Failure   Level
 Wereblood                Tmut           8%           13%         2
 Spider Form              Tmut/Pois      2%           36%         3
 Ice Form                 Ice/Tmut       5%           78%         4
 Blade Hands              Tmut           4%           94%         5


Dungeon Overview and Level Annotations

Branches:
Dungeon (2/15)

Altars:

Annotations:
D:2 Jessica


Innate Abilities, Weirdness & Mutations

You are too large for most types of armour.
You have tough skin. (AC +1)
You have a pair of horns on your head.
You have razor-sharp toenails.


Message History

You kill the bat!
You have reached level 4!
Your transformation is almost over.
Your horns disappear.
Your talons disappear.
You see here a bat corpse.
e - a scroll labelled KIEKKI GEYKEU
There is an open door here.
You see here a ring mail.
Things that are here:
a +0 dagger; 2 stones; a kobold skeleton Done exploring.
Okay, then.
(D) Dungeon
Where to? (Enter - D:1, ? - help)
Things that are here:
a +0 dagger; 2 stones; a kobold skeleton
There is a stone staircase leading down here.
You climb downwards.
Level annotation: Jessica
Found 9 gold pieces.
There is a stone staircase leading up here.
You now have 80 gold pieces (gained 9).
You open the door.
There is a stone staircase leading up here.
An ogre is nearby!
You grow a pair of large bovine horns.
Your feet morph into talons.
The ogre shouts!
You fail to extend your transformation any further.
You hit the ogre.
The ogre is lightly wounded.
The ogre hits you with a +0 giant club!!
You hit the ogre. Your headbutt misses the ogre.
The ogre is lightly wounded.
The ogre hits you with a +0 giant club!
* * * LOW HITPOINT WARNING * * *
You hit the ogre but do no damage. You claw the ogre.
The ogre is moderately wounded.
Your transformation is almost over.
The ogre hits you with a +0 giant club!
You die...

..# #..# ##............ ..#
##.## #............. ..# #..#
#............. ..# ##.#
#.#<...##### ..# #.##
#.####.##### ..#
##..###.#....#...#
..########.....#.#.#..#.#...#
...................>..#.#######
..########.....#@##.#..........
### #.....#O##.#..........
#.....#.#.............
###.....#..#+#####.###
#.#.###..)....# ...
#.#..##††.....# #.#
#.............# ..
####..##......# ##.##......#


You could see an ogre.

Vanquished Creatures
  2 gnolls (D:1)
  An adder (D:2)
  A worm (D:2)
  4 bats
  A giant cockroach (D:2)
  6 goblins
  2 hobgoblins (D:1)
  5 frilled lizards
  5 kobolds (D:1)
  A rat (D:2)
28 creatures vanquished.

Notes
Turn   | Place    | Note
-------+----------+-------------------------------------------
     0 | D:1      | mandarbmax the Ogre Transmuter began the quest for the Orb.
     0 | D:1      | Reached XP level 1. HP: 19/19 MP: 3/3
   206 | D:1      | Reached XP level 2. HP: 26/27 MP: 3/5
   255 | D:1      | Reached XP level 3. HP: 15/35 MP: 7/7
   586 | D:1      | You fall into a shaft and drop 1 floor!
   995 | D:2      | Noticed Jessica
   996 | D:2      | Noticed an ogre
  1709 | D:1      | Reached XP level 4. HP: 44/44 MP: 6/8
  1984 | D:2      | Slain by an ogre

Illustrated notes

Levels and vault maps discovered:
D:1:      minmay_arrival_radiant_lines, layout_basic
D:2:      layout_basic, uniq_robin, uniq_crazy_yiuf_cottage, uniq_jessica

Skill      XL: |  1  2  3 |
---------------+----------+-----
Dodging        | 2 |  2.0
Unarmed Combat | 3 |  3.5
Fighting       | 2 |  2.5
Transmutations | 2 |  2.0
Spellcasting   | 3 |  3.0

Action                   |  1- 3 |  4- 6 || total
-------------------------+-------+-------++-------
Melee: Unarmed           |    77 |     3 ||    80
       Kick              |    14 |     1 ||    15
       Headbutt          |    12 |       ||    12
 Cast: Beastly Appendage |    23 |     2 ||    25
  Use: Scroll            |     2 |       ||     2
Armor: Robe              |    20 |       ||    20
Dodge: Dodged            |    45 |       ||    45

Table legend: (Time is in decaauts)
 A = Elapsed time spent in this place.
 B = Non-inter-level travel time spent in this place.
 C = Inter-level travel time spent in this place.
 D = Time resting spent in this place.
 E = Time spent auto-exploring this place.
 F = Levels seen in this place.
 G = Mean time per level.
                   A        B        C        D        E       F      G
               +--------+--------+--------+--------+--------+-----+--------+
         Total |   1980 |   1921 |     59 |    340 |   1349 |   2 |  990.0 |
       Dungeon |   1980 |   1921 |     59 |    340 |   1349 |   2 |  990.0 |
               +--------+--------+--------+--------+--------+-----+--------+

Top non-repeatable levels by time:
     D:1: 1474 daAuts
     D:2: 506 daAuts
